 Dungeon Crawl Stone Soup version 0.26.0-45-g9c1d065592 (webtiles) character file.

Game seed: 4389272056202550857

1821 tabtabtabtab the Transmogrifier (level 8, -6/43 HPs)
             Began as a Felid Transmuter on Jan 28, 2021.
             Was a Follower of Makhleb.
             Splashed by a jelly's acid (10 damage)
             ... on level 7 of the Dungeon.
             The game lasted 00:19:14 (9403 turns).

tabtabtabtab the Transmogrifier (Felid Transmuter)  Turns: 9403, Time: 00:19:15

Health: -6/43      AC: -1    Str:  6    XL:     8   Next: 85%
Magic:  18/21      EV: 13    Int: 16    God:    Makhleb [*.....]
Gold:   337        SH:  0    Dex: 17    Spells: 3/11 levels left
                                        Lives:  0   Deaths: 2

rFire    x . .     SeeInvis +     - Unarmed
rCold    + + +     Faith    .   (shield unavailable)
rNeg     . . .     Spirit   .   (armour unavailable)
rPois    +         Reflect  .   (helmet unavailable)
rElec    .         Harm     .   (cloak unavailable)
rCorr    .         Rampage  .   (gloves unavailable)
Will     +....                  (boots unavailable)
Stlth    ++........             A - amulet of regeneration
HPRegen  0.54/turn              B - ring of magical power
MPRegen  0.17/turn              g - +4 ring of protection

@: ice-form, corroded
A: large, no armour, no weapons or thrown items, stealth, see invisible
a: End Transformation, Renounce Religion


You were on level 7 of the Dungeon.
You worshipped Makhleb.
Makhleb was aware of your devotion.
You were a creature of crystalline ice.
You visited 2 branches of the dungeon, and saw 8 of its levels.

You collected 397 gold pieces.
You spent 60 gold pieces at shops.

Inventory:

Jewellery
 d - an uncursed ring of willpower
 g - a +4 ring of protection (right front paw)
 A - an amulet of regeneration (around neck)
 B - a ring of magical power (left front paw)
 D - an uncursed amulet of guardian spirit {unknown}
Wands
 n - a wand of iceblast (8)
 z - a wand of digging (5)
 E - a wand of disintegration (16)
Scrolls
 c - 2 scrolls of enchant weapon {unknown}
 f - 3 scrolls of identify {unknown}
 h - a scroll of random uselessness {unknown}
 j - a scroll of remove curse {unknown}
 k - a scroll of magic mapping {unknown}
 l - 3 scrolls of fear {unknown}
 o - 3 scrolls of teleportation
 p - a scroll of immolation {unknown}
 s - 2 scrolls of fog
 t - 2 scrolls of amnesia {unknown}
 y - a scroll of enchant armour {unknown}
Potions
 a - 4 potions of curing {unknown}
 b - a potion of magic {unknown}
 e - a potion of flight {unknown}
 i - 2 potions of attraction {unknown}
 m - a potion of heal wounds {unknown}
 q - 2 potions of berserk rage {unknown}
 r - a potion of degeneration {unknown}
 u - a potion of lignification {unknown}
 v - a potion of ambrosia {unknown}
 w - a potion of might {unknown}
 x - a potion of haste {unknown}
 C - 3 potions of brilliance {unknown}


   Skills:
 + Level 4.2 Fighting
 - Level 5.0 Dodging
 - Level 4.1 Unarmed Combat
 - Level 2.0 Spellcasting
 * Level 8.8 Transmutations
 * Level 6.2 Ice Magic


You had 3 spell levels left.
You knew the following spells:

 Your Spells              Type           Power        Failure   Level
a - Beastly Appendage     Tmut           60%          1%          1
b - Spider Form           Tmut/Pois      7%           10%         3
c - Ice Form              Ice/Tmut       25%          10%         4

Your spell library contained the following spells:

 Spells                   Type           Power        Failure   Level
 Wereblood                Tmut           30%          1%          2
 Blade Hands              Tmut           15%          16%         5


Dungeon Overview and Level Annotations

Branches:
Dungeon (7/15)             Temple (1/1) D:6

Altars:
Ashenzari
Cheibriados
Dithmenos
Elyvilon
Fedhas
Gozag
Hepliaklqana
Kikubaaqudgha
Makhleb
Nemelex Xobeh
Okawaru
Qazlal
Ru
Sif Muna
Trog
Uskayaw
Vehumet
Wu Jian
Xom
Yredelemnul
Zin
The Shining One

Shops:
D:5 ?

Annotations:
D:4 3 runed translucent doors, coldfrog's ghost, weakling DENe


Innate Abilities, Weirdness & Mutations

You cannot wear armour.
You are incapable of wielding weapons or throwing items.
Your paws allow you to move quietly. (Stealth)
((You have sharp claws.))
((You have razor-sharp teeth.))
You have supernaturally acute eyesight. (SInv)
((You cover ground quickly.))
((You are covered in thick fur. (AC +2)))
((Your sharp claws are effective at attacking unaware monsters.))


Message History

You hit the jelly. You freeze the jelly.
Your front paws burn!
The jelly is moderately wounded.
The jelly barely misses you.
You hit the jelly. You freeze the jelly. The acid corrodes you!
Your front paws burn!
The jelly is heavily wounded.
The jelly hits you. The acid corrodes you!
You are splashed with acid!
You hit the jelly but do no damage.
Your front paws burn!
The jelly is heavily wounded.
The jelly hits you. The acid corrodes you!
You are splashed with acid!
* * * LOW HITPOINT WARNING * * *
You are too injured to fight recklessly!
You are too injured to fight recklessly!
You punch the jelly! You freeze the jelly.
Your front paws burn!
* * * LOW HITPOINT WARNING * * *
The jelly is almost dead.
The jelly hits you.
* * * LOW HITPOINT WARNING * * *
The acid corrodes you!
You are splashed with acid!
You die...

#. .# . .#.#. ...#.
.... #..# #..
#######J# .......Y#
######..#####.#
##+####...#........#
..........#.########
##..........#...#
............###.#
#...(..........#
#.........######
#.##.........#


You could see a jelly.

Vanquished Creatures
  Eustachio (D:6)
  Edmund (D:4)
  Duvessa (D:4)
  An ice beast (D:7)
  An ogre (D:6)
  A phantom (D:6)
  A big kobold (D:7)
  Dowan (D:4)
  A scorpion (D:5)
  7 wights
  A howler monkey (D:5)
  A quasit (D:4)
  A bullfrog zombie (D:6)
  2 centaur zombies
  A bullfrog skeleton (D:5)
  5 orc priests
  3 hounds
  8 orc wizards
  Terence (D:3)
  2 centaur skeletons (D:6)
  5 worker ants
  A hound skeleton (D:5)
  3 gnolls (D:4)
  10 adders
  2 white imps (D:6)
  2 adder skeletons (D:6)
  2 worms
  3 dart slugs
  3 leopard geckos
  19 orcs
  3 ball pythons
  7 bats
  5 giant cockroaches
  7 goblins
  12 hobgoblins
  10 jackals
  2 quokkas
  2 frilled lizards
  10 kobolds
  7 rats
156 creatures vanquished.

Vanquished Creatures (others)
  A plant (D:5)
1 creature vanquished.

Grand Total: 157 creatures vanquished

Notes
Turn   | Place    | Note
-------+----------+-------------------------------------------
     0 | D:1      | tabtabtabtab the Felid Transmuter began the quest for the
                  | Orb.
     0 | D:1      | Reached XP level 1. HP: 9/9 MP: 4/4
   313 | D:1      | Reached XP level 2. HP: 12/12 MP: 6/6
   356 | D:1      | You fall into a shaft and drop 1 floor!
  1080 | D:2      | Reached XP level 3. HP: 10/15 MP: 7/7
  2539 | D:2      | Learned a level 3 spell: Spider Form
  2578 | D:3      | Reached skill level 3 in Transmutations
  2631 | D:3      | Reached XP level 4. HP: 11/19 MP: 6/8
  2648 | D:3      | Noticed Terence
  3056 | D:3      | Killed Terence
  3387 | D:3      | Reached skill level 4 in Transmutations
  3411 | D:3      | Reached XP level 5. HP: 22/22 MP: 9/9
  3450 | D:3      | Learned a level 4 spell: Ice Form
  4116 | D:3      | Reached skill level 1 in Ice Magic
  4206 | D:3      | Found a shadowy altar of Dithmenos.
  4445 | D:3      | Reached skill level 5 in Transmutations
  4523 | D:3      | Gained mutation: You are covered in thick fur. (AC +2)
                  | [Felid growth]
  4523 | D:3      | Reached XP level 6. HP: 22/25 MP: 6/10
  4724 | D:3      | Killed from afar by an orc priest
  4725 | D:3      | Reached XP level 5. HP: -8/22 MP: 7/9
  5131 | D:4      | Reached XP level 6. HP: 21/25 MP: 8/10
  5190 | D:4      | Noticed Edmund
  5389 | D:4      | Killed Edmund
  5634 | D:4      | Found a runed translucent gate.
  5634 | D:4      | Found a runed translucent gate.
  5634 | D:4      | Found a runed translucent gate.
  5634 | D:4      | Noticed coldfrog's ghost (weakling DENe)
  5751 | D:4      | Reached skill level 5 in Dodging
  5951 | D:4      | Noticed Duvessa
  5958 | D:4      | Noticed Dowan
  5968 | D:4      | Killed Duvessa
  5969 | D:4      | Reached skill level 6 in Transmutations
  5969 | D:4      | Reached XP level 7. HP: 14/28 MP: 8/11
  5976 | D:4      | Killed from afar by Dowan
  5977 | D:4      | Reached XP level 6. HP: -7/25 MP: 6/10
  5990 | D:4      | Killed Dowan
  6536 | D:5      | Entered Level 5 of the Dungeon
  6873 | D:5      | Reached XP level 7. HP: 22/30 MP: 8/11
  7255 | D:5      | Found Emurekull's Magic Scroll Shoppe.
  7260 | D:5      | Bought a scroll of teleportation for 36 gold pieces
  7260 | D:5      | Bought a scroll of fog for 24 gold pieces
  7406 | D:5      | Reached skill level 7 in Transmutations
  8221 | D:6      | Noticed Eustachio
  8264 | D:6      | Killed Eustachio
  8268 | D:6      | Reached skill level 5 in Ice Magic
  8313 | D:6      | Reached XP level 8. HP: 18/34 MP: 12/12
  8444 | D:6      | Reached skill level 8 in Transmutations
  8485 | D:6      | Found a staircase to the Ecumenical Temple.
  8509 | Temple   | Entered the Ecumenical Temple
  8594 | Temple   | Became a worshipper of Makhleb the Destroyer
  8702 | D:6      | Noticed a two-headed ogre
  9311 | D:7      | Reached * piety under Makhleb
  9403 | D:7      | Splashed by a jelly's acid

Illustrated notes

Levels and vault maps discovered:
D:1:      lemuel_arrival_broad_hall, layout_rooms
D:2:      layout_loops_corners
D:3:      layout_basic, old_standard_altar, uniq_terence
D:4:      layout_loops_cross, gammafunk_ghost_nasty_kobolds, uniq_edmund,
          uniq_duvessa
D:5:      minmay_recursive_quarters, layout_gridville, serial_shops,
          kennysheep_little_box, guppyfry_early_lair_pool
D:6:      layout_rooms, minmay_temple_entry_gardened_gates,
          minmay_misc_feat_cross, uniq_eustachio
D:7:      layout_basic, minmay_between, uniq_maggie
Temple:   dpeg_three_leaves_temple

Skill      XL: |  1  2  3  4  5  6  7  8 |
---------------+-------------------------+-----
Dodging        | 3 4 5 |  5.0
Unarmed Combat | 4 |  4.1
Transmutations | 3 4 5 6 7 8 |  8.8
Ice Magic      | 2 4 5 6 |  6.2
Fighting       | 2 3 4 |  4.2
Spellcasting   | |  2.0

Action                   |  1- 3 |  4- 6 |  7- 9 || total
-------------------------+-------+-------+-------++-------
Melee: Unarmed           |   124 |   357 |   274 ||   755
       Bite              |    13 |    23 |    13 ||    49
       Headbutt          |     2 |    11 |     4 ||    17
       Punch             |       |     3 |     4 ||     7
 Cast: Beastly Appendage |     4 |    12 |     4 ||    20
       Spider Form       |       |    15 |     1 ||    16
       Ice Form          |       |       |    15 ||    15
 Abil: End Transformatio |       |       |     1 ||     1
 Stab: Sleeping          |     7 |     1 |     2 ||    10
       Distracted        |       |     1 |     1 ||     2
Armor: Skin              |     7 |    62 |    63 ||   132
Dodge: Dodged            |    84 |   341 |   184 ||   609
